 Dungeon Crawl Stone Soup version 0.30-a0-561-g1b0378597e (webtiles) character file.

Game seed: 2226124191340865221

291154 HessuHobo the Executioner (level 20, -28/188 (195) HPs)
             Began as a Hill Orc Fighter on Dec 28, 2022.
             Was the Champion of Makhleb.
             Killed from afar by an ironbound thunderhulk (65 damage)
             ... with a bolt of lightning
             ... on level 2 of the Vaults.
             The game lasted 01:23:28 (35415 turns).

HessuHobo the Executioner (Hill Orc Fighter)       Turns: 35415, Time: 01:23:28

HP:   -28/188 (195) AC: 33    Str: 35    XL:     20   Next: 31%
MP:   29/29         EV:  7    Int: 18    God:    Makhleb [******]
Gold: 2815          SH: 18    Dex: 10    Spells: 19/19 levels left

rFire   + + .      SeeInvis .    L - +5 broad axe (drain)
rCold   + + .      Faith    .    r - +0 tower shield {rC+}
rNeg    . . .      Spirit   .    y - +10 plate armour {ponderous}
rPois   +          Reflect  .    G - +2 hat
rElec   .          Harm     .    e - scarf {rC+ rF+}
rCorr   +          Rampage  .    D - +2 pair of gloves
Will    +....      Rage     3%   Z - +2 pair of boots of Azemy {rCorr Str+7 Int+6} Stlth
                                 u - amulet of regeneration
HPRegen 1.31/turn                W - ring of poison resistance
MPRegen 0.21/turn                O - ring of the Open Hand {Fly Int+6}

@: on berserk cooldown, flying, slowed, lightly drained, very slow
A: berserk 1, deformed body, dopey 1, fire resistance 1, subdued magic 1
}: 3/15 runes: decaying, serpentine, abyssal
a: Renounce Religion, Minor Destruction, Lesser Servant of Makhleb, Major
Destruction, Greater Servant of Makhleb


You were on level 2 of the Vaults.
You worshipped Makhleb.
Makhleb was exalted by your worship.
You visited 7 branches of the dungeon, and saw 32 of its levels.
You visited the Abyss 1 time.
You also visited: Gauntlet and Ice Cave.

You collected 3367 gold pieces.
You spent 552 gold pieces at shops.

Inventory:

Hand Weapons
 c - a +1 heavy executioner's axe
 L - a +5 broad axe of draining (weapon)
Armour
 e - a scarf of resistance (worn)
 r - a +0 tower shield of cold resistance (worn)
 y - a +10 plate armour of ponderousness (worn)
 D - a +2 pair of gloves (worn)
 G - a +2 hat (worn)
 H - a +2 cloak of willpower
 S - a +0 kite shield of fire resistance
 Z - the +2 pair of boots of Azemy (worn) {rCorr Str+7 Int+6}
   (You found it on level 3 of the Lair of Beasts)

   Str:       It affects your strength (+7).
   Int:       It affects your intelligence (+6).
   rCorr:     It protects you from acid and corrosion.
Jewellery
 n - a ring of protection from cold
 t - a ring of protection from fire
 u - an amulet of regeneration (around neck)
 B - a ring of resist corrosion
 O - the ring of the Open Hand (right hand) {Fly Int+6}
   (You found it in a Gauntlet)

   [ring of flight]

   Int:       It affects your intelligence (+6).
   Fly:       It grants you flight.
 T - a +4 ring of protection
 U - a ring of protection from cold
 W - a ring of poison resistance (left hand)
Wands
 a - a wand of paralysis (21)
 d - a wand of flame (87)
 m - a wand of polymorph (4)
 w - a wand of roots (29)
 J - a wand of digging (10)
 P - a wand of acid (7)
 Y - a wand of mindburst (7)
Scrolls
 b - a scroll of fear
 i - 2 scrolls of poison
 k - 2 scrolls of blinking
 l - a scroll of torment
 q - 5 scrolls of immolation
 x - 7 scrolls of magic mapping
 C - 7 scrolls of teleportation
 F - 2 scrolls of vulnerability
 I - a scroll of identify
 K - a scroll of enchant armour
 N - a scroll of summoning
 R - 2 scrolls of amnesia
 X - 2 scrolls of silence
Potions
 f - 3 potions of ambrosia
 g - 3 potions of attraction
 h - a potion of resistance
 j - 16 potions of curing
 o - 7 potions of flight
 p - 2 potions of cancellation
 s - 6 potions of heal wounds
 v - a potion of invisibility
 z - 6 potions of lignification
 A - 8 potions of brilliance
 E - a potion of haste
 Q - a potion of mutation
 V - 3 potions of magic
Miscellaneous
 M - a condenser vane (quivered)


   Skills:
 + Level 20.9 Fighting
 + Level 22.4 Axes
 + Level 18.5 Armour
 + Level 15.6 Shields
 + Level 13.2 Invocations
 + Level 9.2 Evocations


You had 19 spell levels left.
You didn't know any spells.
Your spell library contained the following spells:

 Spells                   Type           Power      Damage    Failure   Level
 Kiss of Death            Conj/Necr      0%         2d5       94%         1
 Magic Dart               Conj           0%         1d3       94%         1
 Shock                    Conj/Air       0%         1d3       94%         1
 Summon Small Mammal      Summ           0%         N/A       94%         1
 Blink                    Tloc           0%         N/A       98%         2
 Call Imp                 Summ           0%         N/A       98%         2
 Cigotuvi's Dreadful Rot  Necr/Pois/Air  0%         N/A       98%         2
 Ensorcelled Hibernation  Hex/Ice        0%         N/A       98%         2
 Momentum Strike          Conj/Tloc      0%         3d8       98%         2
 Passwall                 Tmut/Erth      0%         N/A       98%         2
 Poisonous Vapours        Pois/Air       0%         N/A       98%         2
 Static Discharge         Conj/Air       0%         2-2/arc   98%         2
 Sublimation of Blood     Necr           0%         N/A       98%         2
 Wereblood                Tmut           0%         N/A       98%         2
 Call Canine Familiar     Summ           0%         N/A       100%        3
 Confusing Touch          Hex            0%         N/A       100%        3
 Frozen Ramparts          Ice            0%         1d1       100%        3
 Hailstorm                Conj/Ice       0%         3d3       100%        3
 Inner Flame              Hex/Fire       0%         N/A       100%        3
 Lesser Beckoning         Tloc           0%         N/A       100%        3
 Mephitic Cloud           Conj/Pois/Air  0%         N/A       100%        3
 Spider Form              Tmut/Pois      0%         N/A       100%        3
 Summon Guardian Golem    Hex/Summ       0%         N/A       100%        3
 Swiftness                Air            0%         N/A       100%        3
 Tukima's Dance           Hex            0%         N/A       100%        3
 Vhi's Electric Charge    Tloc/Air       0%         N/A       100%        3
 Airstrike                Air            0%         2d(0-16)  100%        4
 Anguish                  Hex/Necr       0%         N/A       100%        4
 Dispel Undead            Necr           0%         3d6       100%        4
 Flame Wave               Conj/Fire      0%         2d4       100%        4
 Ice Form                 Ice/Tmut       0%         N/A       100%        4
 Manifold Assault         Tloc           0%         N/A       100%        4
 Passage of Golubria      Tloc           0%         N/A       100%        4
 Sticky Flame             Conj/Fire      0%         2d3       100%        4
 Summon Ice Beast         Ice/Summ       0%         N/A       100%        4
 Summon Lightning Spire   Summ/Air       0%         N/A       100%        4
 Arcjolt                  Conj/Air       0%         1d10      100%        5
 Blade Hands              Tmut           0%         N/A       100%        5
 Freezing Cloud           Conj/Ice/Air   0%         6-21      100%        5
 Irradiate                Conj/Tmut      0%         3d11      100%        5
 Lightning Bolt           Conj/Air       0%         1d11      100%        5
 Silence                  Hex/Air        0%         N/A       100%        5
 Yara's Violent Unravell  Hex/Tmut       0%         3d3       100%        5
 Conjure Ball Lightning   Conj/Air       0%         3x3d6     100%        6
 Simulacrum               Ice/Necr       0%         N/A       100%        6
 Statue Form              Tmut/Erth      0%         N/A       100%        6
 Dragon Form              Tmut           0%         N/A       100%        7
 Enfeeble                 Hex            0%         N/A       100%        7
 Storm Form               Tmut/Air       0%         N/A       100%        7
 Summon Hydra             Summ           0%         N/A       100%        7
 Maxwell's Capacitive Co  Air            0%         ∞         100%        8
 Necromutation            Tmut/Necr      0%         N/A       100%        8
 Polar Vortex             Ice            0%         N/A       100%        9


Dungeon Overview and Level Annotations

Branches:
Dungeon (14/15)            Temple (1/1) D:4            Lair (5/5) D:11
  Swamp (4/4) Lair:2        Snake (4/4) Lair:3        Slime (0/5) Lair:5
    Orc (2/2) D:10            Elf (0/3) Orc:2        Vaults (2/5) D:13
  IceCv (visited)         Gauntlet (visited)
  Crypt: Vaults:2-3

Altars:
Ashenzari
Cheibriados
Dithmenos
Elyvilon
Fedhas
Gozag
Hepliaklqana
Kikubaaqudgha
Makhleb
Nemelex Xobeh
Okawaru
Qazlal
Ru
Sif Muna
Trog
Uskayaw
Vehumet
Wu Jian
Xom
Yredelemnul
Zin
The Shining One
Jiyva

Shops:
D:6 =   Orc:2 !:[*   Snake:1 *

Portals:
Pandemonium: Orc:2

Annotations:
D:7 exclusion: downstairs
D:9 exclusion: downstairs
D:13 3 runed translucent doors, Bnni's ghost, journeyman FoHs
Lair:5 3 runed translucent doors, Ludaler's ghost, journeyman DDGl
Snake:3 exclusion: downstairs


Innate Abilities, Weirdness & Mutations

You sometimes lose your temper in combat.
Armour fits poorly on your strangely shaped body.
You are dopey. (Int -2)
Your flesh is heat resistant. (rF+)
Your spells are a little easier to cast, but a little less powerful.


Message History

Makhleb accepts your kill.
You feel better.
The troll leather armour is intact enough to wear.
Strange energies crackle from the ironbound thunderhulk's apparatus.
The ironbound thunderhulk blinks!
Things that are here:
a +0 troll leather armour; a deep troll corpse You feel a strong urge to attack something.
Things that are here:
a +0 troll leather armour; a deep troll corpse You feel your anger nearly subside.
You are no longer berserk.
You are exhausted.
You feel yourself slow down.
You slash the ironbound thunderhulk!
The ironbound thunderhulk is lightly wounded.
The ironbound thunderhulk hits you with a +0 dire flail of draining!
* * * LOW HITPOINT WARNING * * *
You feel drained.
* * * LOW HITPOINT WARNING * * *
You slice the ironbound thunderhulk!!
The ironbound thunderhulk is heavily wounded.
You block the ironbound thunderhulk's attack.
You hit the ironbound thunderhulk. You drain the ironbound thunderhulk.
The ironbound thunderhulk is heavily wounded.
The ironbound thunderhulk hits you with a +0 dire flail of draining.
* * * LOW HITPOINT WARNING * * *
You feel drained.
* * * LOW HITPOINT WARNING * * *
You hit the ironbound thunderhulk but do no damage.
The ironbound thunderhulk is heavily wounded.
You block the ironbound thunderhulk's attack.
You barely miss the ironbound thunderhulk.
The ironbound thunderhulk is heavily wounded.
Strange energies crackle from the ironbound thunderhulk's apparatus.
The ironbound thunderhulk blinks!
Strange energies crackle from the ironbound thunderhulk's apparatus.
The ironbound thunderhulk blinks!
Electricity crackles from the ironbound thunderhulk's apparatus.
The bolt of lightning hits you!!!
You die...

.........# #.T.#
......O..# #p..#
########.)# ##O##
#......#..# ...
#......#.§# ...
#......#..# ...
#......#..# #......#..#
#......'.@# #......#..# ..
#......#..# ...
+......#..#############...
#......#..................
#......#..................
######+#..................
............(........
##+#######...........


You could see an ironbound thunderhulk (drained).

Vanquished Creatures
  2 tentacled monstrosities
  Jorgrun (D:12)
  Asterion (Vaults:2)
  A tentacled starspawn (Abyss:4)
  A sphinx (Vaults:1)
  Gastronok (Lair:2)
  Roxanne (Snake:1)
  2 nagarajas (Snake:4)
  Donald (Vaults:1)
  3 fenstrider witches (Swamp:4)
  Aizul (Snake:3)
  2 ghouls (Swamp:4)
  A deep elf sorcerer (Vaults:1)
  A frost giant (IceCv)
  A reaper (Swamp:4)
  5 ironbound preservers
  A very ugly thing (Vaults:2)
  2 ironbound thunderhulks (Vaults:1)
  6 eleionomae
  A minotaur (Gauntlet)
  The ghost of mojasp the Black Sun, a journeyman DsWn of Kikubaaqudgha (Lair:3)
  2 bunyips
  4 dire elephants (Vaults:1)
  An ettin (Vaults:1)
  An entropy weaver (shapeshifter) (D:13)
  2 shambling mangroves (Swamp:4)
  2 entropy weavers
  3 yaktaur captains (Vaults:1)
  8 vault guards (D:13)
  A great orb of eyes (Vaults:1)
  2 ironbound frosthearts (Vaults:1)
  5 salamander tyrants
  6 hydras
  2 ghost crabs
  7 anacondas
  A demonspawn (Orc:2)
  4 ogre magi
  3 catoblepae (Lair:5)
  A merfolk avatar (Abyss:4)
  Erica (D:12)
  A centaur warrior (D:13)
  A two-headed ogre (D:13)
  A deep troll earth mage (Vaults:1)
  7 alligators
  17 death yaks
  6 orc high priests (Orc:2)
  12 naga warriors
  A thrashing horror (Abyss:4)
  8 shock serpents
  11 naga sharpshooters
  2 spriggan berserkers
  Nergalle (Lair:1)
  3 deep elf knights
  Urug (Lair:3)
  2 wretched stars (Abyss:4)
  A sixfirhy (Abyss:4)
  A soul eater (Orc:2)
  4 skeletal warriors (D:13)
  8 salamander mystics
  2 sea snakes (Snake:2)
  4 goliath frogs
  2 swamp dragons
  12 deep trolls
  5 spriggan druids
  3 naga ritualists
  7 bog bodies
  10 lindwurms
  A harpy (Vaults:1)
  5 wizards
  A deep elf pyromancer (D:12)
  A harpy (shapeshifter) (Lair:3)
  7 ironbound convokers (Vaults:1)
  6 orc knights
  15 mana vipers
  2 oklob plants (Lair:5)
  6 orc sorcerers
  2 wolf spiders (Lair:3)
  7 ugly things
  6 will-o-the-wisps
  25 salamanders
  A moth of wrath (Lair:3)
  5 manticores
  13 elephants
  2 cyclopes
  6 guardian serpents
  13 naga magi
  Maurice (D:8)
  2 centaur zombies (D:10)
  A smoke demon (Abyss:4)
  A rust devil (Orc:2)
  5 orange demons
  31 black mambas
  An ice statue (IceCv)
  4 vault sentinels
  A torpor snail (Lair:5)
  10 rime drakes
  7 cane toads
  3 yaktaurs (Vaults:1)
  An ice devil (Abyss:3)
  5 komodo dragons
  An efreet (D:10)
  An ancient zyme (Abyss:3)
  A queen bee (shapeshifter) (D:13)
  A queen bee (Gauntlet)
  4 hellwings
  A red devil (Orc:2)
  7 hornets
  3 trolls
  9 blink frogs
  6 polar bears
  12 tyrant leeches
  A dream sheep (Lair:3)
  23 slime creatures
  3 raiju (Abyss:3)
  A culicivora (Vaults:2)
  5 spriggans
  2 wraiths (D:11)
  2 vampires
  A shadow (D:10)
  A wyvern (Lair:3)
  59 yaks
  4 basilisks
  3 chaos spawn
  3 steam dragons
  8 vampire mosquitoes
  2 redbacks
  3 neqoxecs (Swamp:4)
  A warg (D:10)
  19 swamp worms
  44 nagas
  2 acid dragons
  11 water moccasins
  A floating eye (Gauntlet)
  5 black bears
  26 orc warriors
  A sky beast (D:7)
  2 swamp drakes
  An ice beast (D:9)
  4 boggarts (Vaults:1)
  6 ogres
  31 wolves
  A centaur (D:10)
  2 phantoms (D:5)
  2 gnoll sergeants
  A kobold brigand (D:8)
  8 bullfrogs
  5 scorpions
  4 wights
  11 killer bees
  4 electric eels
  7 howler monkeys
  28 orc priests
  6 hounds
  2 gnoll boudas (D:6)
  Ijyb (D:3)
  19 orc wizards
  An iguana (D:6)
  20 gnolls
  4 adders
  2 shadow imps (D:6)
  2 worms
  A dart slug (D:1)
  65 orcs
  8 ball pythons
  4 endoplasms
  A giant cockroach (D:1)
  16 goblins
  11 hobgoblins
  3 jackals (D:3)
  14 kobolds
  A quokka (D:3)
  3 bats
  8 frilled lizards
  4 rats
1012 creatures vanquished.

Vanquished Creatures (collateral kills)
  A fenstrider witch (Swamp:4)
  A reaper (Swamp:4)
  An ogre mage (Swamp:4)
  A naga warrior (Snake:3)
  A spriggan berserker (Swamp:4)
  2 thrashing horrors (Abyss:4)
  A sun demon (Abyss:4)
  A deep elf zephyrmancer (Swamp:4)
  An elephant (Lair:4)
  A hornet (Swamp:1)
  2 blink frogs (Abyss:4)
  A neqoxec (Swamp:4)
  A gnoll (D:11)
  2 starspawn tentacles (Abyss:4)
17 creatures vanquished.

Vanquished Creatures (others)
  A hydra (Swamp:2)
  A bloated husk (Swamp:3)
  A raiju (Abyss:4)
  A vampire (D:11)
  A wolf (IceCv)
  A bullfrog (Lair:4)
  An orc (D:10)
  2 bushes
  24 foxfires
  33 fungi
  61 plants
  7 starspawn tentacles (Abyss:4)
134 creatures vanquished.

Grand Total: 1163 creatures vanquished

Notes
Turn   | Place    | Note
-------+----------+-------------------------------------------
     0 | D:1      | HessuHobo the Hill Orc Fighter began the quest for the Orb.
     0 | D:1      | Reached XP level 1. HP: 19/19 MP: 1/1
   101 | D:1      | Reached skill level 3 in Axes
   149 | D:1      | Reached XP level 2. HP: 26/27 MP: 2/2
  1042 | D:2      | Reached XP level 3. HP: 30/33 MP: 3/3
  2222 | D:3      | Noticed Ijyb
  2232 | D:3      | Killed Ijyb
  2233 | D:3      | Reached skill level 4 in Axes
  2233 | D:3      | Reached XP level 4. HP: 25/41 MP: 4/4
  2863 | D:4      | Found a white marble altar of Elyvilon.
  2914 | D:4      | Reached XP level 5. HP: 41/47 MP: 5/5
  3145 | D:4      | Reached skill level 5 in Fighting
  3210 | D:4      | Found a blossoming altar of Fedhas.
  3258 | D:4      | Found a staircase to the Ecumenical Temple.
  3872 | Temple   | Entered the Ecumenical Temple
  4011 | Temple   | Became a worshipper of Makhleb the Destroyer
  4028 | D:5      | Entered Level 5 of the Dungeon
  4040 | D:5      | Reached skill level 5 in Axes
  4086 | D:5      | Found a radiant altar of Vehumet.
  4097 | D:5      | Noticed a phantom
  4112 | D:5      | Reached XP level 6. HP: 48/56 MP: 6/6
  4117 | D:5      | Reached skill level 5 in Armour
  4346 | D:5      | Reached skill level 6 in Axes
  4346 | D:5      | Reached XP level 7. HP: 63/63 MP: 7/7
  4385 | D:5      | Found a broken altar of Ashenzari.
  4490 | D:5      | Found a bloodstained altar of Trog.
  5022 | D:6      | Found Arhauwn's Jewellery Shoppe.
  5055 | D:6      | Reached skill level 7 in Axes
  5055 | D:6      | Reached XP level 8. HP: 73/73 MP: 8/8
  5090 | D:6      | Reached * piety under Makhleb
  5190 | D:6      | Identified the +0 leather armour of the Vestibule of Hell
                  | {Contam Fly Int-5 Dex+8}
  5385 | D:6      | Found a sand-covered staircase.
  6095 | D:7      | Found a sacrificial altar of Ru.
  6096 | D:7      | Found an iron altar of Okawaru.
  6096 | D:7      | Found an ornate altar of the Wu Jian Council.
  6134 | D:7      | You fall into a shaft and drop 3 floors!
  6134 | D:10     | Entered Level 10 of the Dungeon
  6164 | D:9      | Reached skill level 8 in Axes
  6455 | D:8      | Noticed a two-headed ogre
  6592 | D:8      | Noticed Maurice
  6708 | D:9      | Reached XP level 9. HP: 26/79 MP: 9/9
  6774 | D:9      | Reached skill level 9 in Axes
  6920 | D:8      | Noticed a hornet
  6933 | D:8      | Killed a hornet
  7065 | D:7      | Reached skill level 1 in Invocations
  7111 | D:7      | Noticed a two-headed ogre
  7943 | D:7      | Found a shimmering blue altar of Sif Muna.
  7943 | D:7      | Found a hazy altar of Hepliaklqana.
  8128 | D:8      | Reached ** piety under Makhleb
  8235 | D:8      | Killed Maurice
  8236 | D:8      | Reached skill level 10 in Axes
  8767 | D:9      | Reached skill level 10 in Fighting
  8767 | D:9      | Reached XP level 10. HP: 92/93 MP: 13/13
  9258 | D:10     | Reached skill level 5 in Invocations
  9310 | D:10     | Reached skill level 11 in Axes
  9407 | D:10     | Found a basalt altar of Yredelemnul.
  9556 | D:10     | Reached skill level 10 in Armour
  9622 | D:10     | Found a staircase to the Orcish Mines.
  9647 | D:10     | Reached *** piety under Makhleb
  9648 | D:10     | Reached XP level 11. HP: 90/102 MP: 16/16
  9916 | D:10     | Reached skill level 12 in Axes
 10171 | D:10     | Gained mutation: Your body sometimes deteriorates upon
                  | taking damage. [potion of mutation]
 10171 | D:10     | Gained mutation: You are occasionally teleported next to
                  | monsters. [potion of mutation]
 10511 | D:11     | Noticed a manticore
 10515 | D:11     | Noticed a red ugly thing
 10536 | D:11     | Killed a manticore
 10539 | D:11     | Killed a red ugly thing
 10552 | D:11     | Noticed a cyclops
 10562 | D:11     | Found a staircase to the Lair.
 10571 | D:11     | Killed a cyclops
 10777 | D:11     | Noticed a manticore
 10788 | D:11     | Killed a manticore
 11101 | Lair:1   | Entered Level 1 of the Lair of Beasts
 11233 | Lair:1   | Reached skill level 13 in Axes
 11421 | Lair:1   | Noticed Nergalle
 11443 | Lair:1   | Killed Nergalle
 11631 | Lair:1   | Reached **** piety under Makhleb
 12174 | Lair:2   | Noticed Gastronok
 12185 | Lair:2   | Killed Gastronok
 12186 | Lair:2   | Reached XP level 12. HP: 97/113 MP: 18/18
 12258 | Lair:2   | Got the Directory of the Sky
 12350 | Lair:2   | Reached skill level 14 in Axes
 12874 | Lair:2   | Found a staircase to the Swamp.
 13270 | Lair:3   | Noticed Urug
 13282 | Lair:3   | Killed Urug
 13355 | Lair:3   | Reached skill level 1 in Evocations
 13656 | Lair:3   | Found a transporter.
 13659 | Lair:3   | Noticed mojasp's ghost (journeyman DsWn)
 13706 | Lair:3   | Found a transporter.
 14006 | Lair:3   | Found a staircase to the Snake Pit.
 14107 | Lair:3   | Reached skill level 5 in Shields
 14653 | Lair:4   | Reached skill level 15 in Axes
 14653 | Lair:4   | Reached XP level 13. HP: 124/124 MP: 19/19
 14798 | Lair:4   | Reached ***** piety under Makhleb
 14846 | Lair:4   | You fall into a shaft and drop 1 floor!
 14846 | Lair:5   | Entered Level 5 of the Lair of Beasts
 14906 | Lair:5   | Found a gate leading to a gauntlet.
 14915 | Gauntlet | Entered a Gauntlet
 14915 | Gauntlet | Found a large runed translucent door.
 14915 | Gauntlet | Found a large runed translucent door.
 14915 | Gauntlet | Found a large runed translucent door.
 14915 | Gauntlet | Found a transporter.
 14915 | Gauntlet | Found a large runed translucent door.
 14915 | Gauntlet | Found a runed translucent door.
 14915 | Gauntlet | Found a large runed translucent door.
 14915 | Gauntlet | Found a large runed translucent door.
 14915 | Gauntlet | Found a large runed translucent door.
 14915 | Gauntlet | Found a large runed translucent door.
 14915 | Gauntlet | Found a runed translucent gate.
 14915 | Gauntlet | Found a runed translucent gate.
 14915 | Gauntlet | Found a transporter.
 14915 | Gauntlet | Found a transporter.
 14917 | Gauntlet | Found a transporter.
 14917 | Gauntlet | Found a transporter.
 14920 | Gauntlet | Found a transporter.
 14926 | Gauntlet | Found a transporter.
 14928 | Gauntlet | Found a transporter.
 14929 | Gauntlet | Found a transporter.
 14931 | Gauntlet | Found a transporter.
 14939 | Gauntlet | Found a transporter.
 14940 | Gauntlet | Found a transporter.
 14942 | Gauntlet | Noticed an entropy weaver
 14981 | Gauntlet | Found a runed translucent gate.
 14982 | Gauntlet | Found a large runed translucent door.
 14982 | Gauntlet | Found a large runed translucent door.
 14983 | Gauntlet | Found a large runed translucent door.
 14984 | Gauntlet | Found a large runed translucent door.
 14985 | Gauntlet | Found a large runed translucent door.
 14985 | Gauntlet | Found a large runed translucent door.
 14985 | Gauntlet | Found a runed translucent door.
 14986 | Gauntlet | Found a large runed translucent door.
 14987 | Gauntlet | Found a large runed translucent door.
 15174 | Gauntlet | Identified the +3 pair of boots of the Cricket {rElec
                  | Dex+2}
 15200 | Gauntlet | Identified the +2 cloak "Aseshuuv" {Str+5}
 15216 | Gauntlet | Killed an entropy weaver
 15240 | Gauntlet | Noticed a minotaur
 15253 | Gauntlet | Killed a minotaur
 15328 | Gauntlet | Identified the +5 morningstar of the Doomed Warrior {heavy,
                  | Drain rElec Dex+4}
 15328 | Gauntlet | Identified the +0 robe of Fortification {Int+3}
 15328 | Gauntlet | Identified the ring of the Open Hand {Fly Int+6}
 15359 | Lair:5   | Reached skill level 5 in Evocations
 15564 | Lair:5   | Noticed Ludaler's ghost (journeyman DDGl)
 15566 | Lair:5   | Found a runed translucent gate.
 15567 | Lair:5   | Found a runed translucent gate.
 15567 | Lair:5   | Found a runed translucent gate.
 16021 | Lair:5   | Reached skill level 15 in Fighting
 16021 | Lair:5   | Reached skill level 16 in Axes
 16090 | Lair:5   | Found a staircase to the Slime Pits.
 16109 | Lair:5   | Reached XP level 14. HP: 127/135 MP: 20/20
 17859 | Lair:3   | Killed mojasp's ghost
 17861 | Lair:3   | Identified the +2 pair of boots of Azemy {rCorr Str+7
                  | Int+6}
 17865 | Lair:3   | Identified the +0 leather armour "Xitol" {Harm Rampage
                  | Will- rCorr}
 18666 | D:12     | Noticed Jorgrun
 18677 | D:12     | Killed Jorgrun
 18872 | D:11     | Reached skill level 17 in Axes
 19419 | D:12     | Noticed Erica
 19430 | D:12     | Killed Erica
 19952 | D:13     | Found a gate to the Vaults.
 19980 | D:13     | Reached skill level 15 in Armour
 20018 | D:13     | Reached XP level 15. HP: 136/145 MP: 21/21
 20215 | D:13     | Reached skill level 10 in Shields
 20388 | D:13     | Reached ****** piety under Makhleb
 20510 | D:13     | Found a runed translucent gate.
 20511 | D:13     | Found a runed translucent gate.
 20511 | D:13     | Noticed an acid blob
 20511 | D:13     | Noticed an azure jelly
 20512 | D:13     | Found a runed translucent gate.
 20513 | D:13     | Noticed Bnni's ghost (journeyman FoHs)
 20515 | D:13     | Noticed an azure jelly
 20515 | D:13     | Noticed an azure jelly
 20516 | D:13     | Noticed an azure jelly
 20516 | D:13     | Noticed an azure jelly
 20522 | D:13     | Found a viscous altar of Jiyva.
 21061 | Orc:1    | Entered Level 1 of the Orcish Mines
 21183 | Orc:2    | Entered Level 2 of the Orcish Mines
 21274 | Orc:2    | Found a frozen archway.
 21294 | IceCv    | Entered an ice cave
 21588 | IceCv    | Reached skill level 18 in Axes
 21631 | IceCv    | Noticed a frost giant
 21647 | IceCv    | Killed a frost giant
 22090 | Orc:2    | Found Ekokuydgh's General Store.
 22095 | Orc:2    | Found Soloithro's Distillery.
 22416 | Orc:2    | Found Wenees's Antique Armour Boutique.
 22416 | Orc:2    | Found Nemm's Book Shop.
 22417 | Orc:2    | Found a one-way gate leading to the halls of Pandemonium.
 22713 | Orc:2    | Found Buj Duun's Overcharged Wands.
 22746 | Orc:2    | Found a staircase to the Elven Halls.
 22846 | Orc:2    | Bought a potion of heal wounds for 60 gold pieces
 22846 | Orc:2    | Bought a potion of haste for 120 gold pieces
 22846 | Orc:2    | Bought 2 potions of lignification for 72 gold pieces
 22846 | Orc:2    | Bought a potion of curing for 36 gold pieces
 22846 | Orc:2    | Bought 2 potions of heal wounds for 120 gold pieces
 23386 | Swamp:1  | Entered Level 1 of the Swamp
 23700 | Swamp:1  | Reached XP level 16. HP: 155/155 MP: 22/22
 24608 | Swamp:2  | Reached skill level 19 in Axes
 25157 | Swamp:2  | Reached XP level 17. HP: 163/163 MP: 22/24
 25804 | Swamp:4  | Entered Level 4 of the Swamp
 26100 | Swamp:4  | Reached skill level 10 in Invocations
 26110 | Swamp:4  | Noticed a tentacled monstrosity
 26140 | Swamp:4  | Killed a tentacled monstrosity
 26219 | Swamp:4  | Found the +5 glaive of the Guard {elec, spectral, AC+5}
 26281 | Swamp:4  | Gained mutation: You are dopey. (Int -2) [a neqoxec]
 26302 | Swamp:4  | Paralysed by something for 4 turns
 26534 | Swamp:4  | Gained mutation: Your spells are a little easier to cast,
                  | but a little less powerful. [a neqoxec]
 26579 | Swamp:4  | Paralysed by an ogre mage for 5 turns
 26811 | Swamp:4  | Reached XP level 18. HP: 112/173 MP: 26/26
 26967 | Swamp:4  | Paralysed by a fenstrider witch for 5 turns
 26972 | Swamp:4  | Gained mutation: Your flesh is heat resistant. (rF+) [a
                  | neqoxec]
 27097 | Swamp:4  | Paralysed by a fenstrider witch for 3 turns
 27111 | Swamp:4  | Paralysed by a fenstrider witch for 3 turns
 27384 | Swamp:4  | Gained mutation: You occasionally shout uncontrollably at
                  | your foes. [a neqoxec]
 27385 | Swamp:4  | Gained mutation: Potions are less effective at restoring
                  | your health. [a neqoxec]
 27386 | Swamp:4  | Gained mutation: You are weak. (Str -2) [a neqoxec]
 27396 | Swamp:4  | Got a decaying rune of Zot
 27615 | Snake:1  | Entered Level 1 of the Snake Pit
 27846 | Snake:1  | Reached skill level 20 in Axes
 28117 | Snake:1  | Found Viub's Gadget Gallery.
 28215 | Snake:1  | Found Qeos's General Store.
 28311 | Snake:1  | Identified the +1 leather armour "Bymuury" {Dex+2}
 28430 | Snake:1  | Identified Roxanne's Parchment of Metamorphosis
 28430 | Snake:1  | Noticed Roxanne
 28546 | Snake:1  | Killed Roxanne
 28641 | Snake:1  | Bought a scroll of teleportation for 48 gold pieces
 28641 | Snake:1  | Bought a potion of curing for 48 gold pieces
 28641 | Snake:1  | Bought a potion of curing for 48 gold pieces
 29036 | Snake:2  | Identified a scroll of acquirement
 29038 | Snake:2  | Acquired a +1 heavy executioner's axe
 29701 | Snake:3  | Noticed Aizul
 29721 | Snake:3  | Killed Aizul
 30721 | Snake:4  | Entered Level 4 of the Snake Pit
 31183 | Snake:4  | Reached XP level 19. HP: 177/183 MP: 28/28
 31213 | Snake:4  | Reached skill level 21 in Axes
 32469 | Snake:4  | Reached skill level 15 in Shields
 32793 | Snake:4  | Got a serpentine rune of Zot
 33081 | Vaults:1 | Entered Level 1 of the Vaults
 33247 | Abyss:3  | Cast into level 3 of the Abyss (a deep elf sorcerer)
 33477 | Abyss:4  | Noticed a bone dragon
 33483 | Abyss:4  | Paralysed by accursed screaming for 2 turns
 33487 | Abyss:4  | Noticed a bone dragon
 33498 | Abyss:4  | Noticed a bone dragon
 33543 | Abyss:4  | Found a corrupted altar of Lugonu.
 33546 | Abyss:4  | Noticed a tentacled monstrosity
 33566 | Abyss:4  | Killed a tentacled monstrosity
 33567 | Abyss:4  | Reached skill level 22 in Axes
 33577 | Abyss:4  | Got an abyssal rune of Zot
 33591 | Vaults:1 | Escaped the Abyss
 33821 | Vaults:1 | Noticed Donald
 33830 | Vaults:1 | Reached XP level 20. HP: 124/195 MP: 26/29
 33834 | Vaults:1 | Killed Donald
 33876 | Vaults:1 | Identified the +5 broad axe "Leubol" {holy, Str+4}
 34969 | Lair:3   | Lost mutation: You occasionally shout uncontrollably at
                  | your foes. [potion of mutation]
 34969 | Lair:3   | Lost mutation: You are weak. (Str -2) [potion of mutation]
 34969 | Lair:3   | Lost mutation: You are occasionally teleported next to
                  | monsters. [potion of mutation]
 34969 | Lair:3   | Gained mutation: You are occasionally teleported next to
                  | monsters. [potion of mutation]
 34971 | Lair:3   | Lost mutation: Potions are less effective at restoring your
                  | health. [potion of mutation]
 34971 | Lair:3   | Lost mutation: You are occasionally teleported next to
                  | monsters. [potion of mutation]
 34971 | Lair:3   | Lost mutation: Your body sometimes deteriorates upon taking
                  | damage. [potion of mutation]
 34971 | Lair:3   | Gained mutation: You sometimes lose your temper in combat.
                  | [potion of mutation]
 34971 | Lair:3   | Gained mutation: Armour fits poorly on your strangely
                  | shaped body. [potion of mutation]
 35352 | Vaults:2 | Noticed Asterion
 35366 | Vaults:2 | Killed Asterion
 35415 | Vaults:2 | Killed from afar by an ironbound thunderhulk

Illustrated notes

Levels and vault maps discovered:
D:1:      reono_arrival_mine, layout_loops_corners
D:2:      layout_basic, serial_forest, infiniplex_forest_straight_2,
          infiniplex_forest_lined_room_2, infiniplex_forest_side_room,
          infiniplex_forest_lined_room_3, infiniplex_forest_fountain,
          infiniplex_forest_lined_3_way, palyth_stone_intersect,
          dreamdust_princess_bridge, chequers_avenue, minmay_misc_feat_cross,
          eino_tiny_chamber
D:3:      layout_basic, uniq_ijyb
D:4:      corexii_shantytown, layout_basic, fedhas_altar_decomposition,
          nicolae_elyvilon_temple_path, minmay_temple_entry_offerings,
          bh_walls_and_bars
D:5:      layout_basic, kennysheep_mini_moat, mainiacjoe_overflow_chevrons,
          old_standard_altar
D:6:      layout_cave_pods, serial_shops, kennysheep_little_box,
          lightli_ossuary_entry_decrepit_ruins, fountainhead,
          minmay_misc_feat_rows
D:7:      layout_basic, amethyst_overflow_temple_binary,
          chequers_temple_overflow_statue_of_worship
D:8:      layout_basic, minivault_10, corexii_checkpoint_a, uniq_maurice
D:9:      layout_basic
D:10:     layout_long_grid, lemuel_zombie_altar_yredelemnul, erik_orc_4,
          kennysheep_crisscross
D:11:     layout_basic, grunt_lair_entry_orc_guard_hut,
          kennysheep_decorative_pillar, grunt_decor_one_mirror
D:12:     layout_cross, minivault_11, sword_in_stone, uniq_jorgrun
D:13:     layout_stronghold, erik_vaults_2, gammafunk_ghost_ooze
D:14:     emtedronai_trogs_sanctum, layout_rooms
Temple:   jpeg_temple_clearing
Lair:1:   layout_gridlike, serial_bayou_lake_a, uniq_nergalle
Lair:2:   layout_roguey, nicolae_swamp_entry_splash_gauntlet,
          infiniplex_staircase_pool, lemuel_fruit_fields, uniq_gastronok
Lair:3:   layout_cave_pods, minmay_snake_entry_guardpost_small,
          gammafunk_ghost_berserking_beasts, nicolae_lair_run_with_the_wolves,
          uniq_urug
Lair:4:   layout_gridlike, lemuel_fruit_tree
Lair:5:   evilmike_catoblepas_cave, layout_layer_cave,
          minmay_slime_entry_oklob_enclosed, gauntlet_entry_generic,
          gammafunk_ghost_split, infiniplex_staircase_pool_2
Swamp:1:  layout_falls_marsh, evilmike_swamp_ruin_rubble_2
Swamp:2:  layout_falls_marsh, hangedman_swamp_lotus
Swamp:3:  layout_basic_swamp, hangedman_swamp_ruin_wall
Swamp:4:  nzn_swamp_witches_coven, layout_basic_swamp, swamp_pool4,
          nicolae_swamp_little_swirl
Snake:1:  nicolae_snake_nest, layout_rooms, serial_shops,
          nicolae_shop_advertising_works [nicolae_subvault_shop_adworks],
          nicolae_shop_gadgets, uniq_roxanne
Snake:2:  layout_misc_corridors, serial_bayou_shore_a
Snake:3:  layout_grid_shapes, serial_bayou_shore_b, grunt_megastairs_4,
          uniq_aizul
Snake:4:  snake_pit_salamanders_mu, layout_onion, drop_trap
Orc:1:    layout_caves
Orc:2:    pf_orc_diabolical, layout_diamond_mine, portal_ice_cave_rime,
          nicolae_shop_overcharged_wands
Vaults:1: ontoclasm_vaults_ring_square, nicolae_vaults_network_quinsquares
          [nicolae_vaults_network_quincunx_subvault,
          nicolae_vaults_network_quincunx_subvault,
          nicolae_vaults_network_quincunx_subvault,
          nicolae_vaults_network_quincunx_subvault], grunt_vaults_diagonal,
          v_misc_11, vaults_room_door_hall, st_octagons_1, v_pattern_5,
          ontoclasm_vaults_ring_small, ontoclasm_vaults_ring_large, v_misc_18,
          vaults_mumra_chevron, v_misc_29, vaults_dpeg_emergency_exit,
          v_misc_16, layout_vaults_maze_bifur, uniq_donald
Vaults:2: vaults_room_large_hall, grunt_vaults_funneled_arena,
          ontoclasm_vaults_shuriken, ontoclasm_vaults_decontamination,
          hangedman_vaults_capsules, v_misc_18, layout_vaults_chaotic_city,
          serial_shops, nicolae_shop_behind_doors, uniq_asterion, uniq_nikola

Skill      XL: |  1  2  3  4  5  6  7  8  9 10 11 12 13 14 15 16 17 18 19 20 |
---------------+-------------------------------------------------------------+-----
Axes           | 3 4 5 6 7 8 10 11 13 15 16 17 18 19 20 22 | 22.4
Fighting       | 4 5 6 7 8 10 11 12 14 15 16 17 18 19 20 | 20.9
Armour         | 4 5 6 7 9 10 11 12 13 15 16 17 18 | 18.5
Invocations    | 4 7 8 9 10 12 13 | 13.2
Shields        | 5 7 9 11 12 14 15 | 15.6
Evocations     | 3 5 6 7 8 9 |  9.2

Action                   |  1- 3 |  4- 6 |  7- 9 | 10-12 | 13-15 | 16-18 | 19-21 || total
-------------------------+-------+-------+-------+-------+-------+-------+-------++-------
Melee: War axe           |   148 |   186 |   232 |   531 |       |       |       ||  1097
       Hand axe          |       |       |   142 |    16 |       |       |       ||   158
       Broad axe         |       |       |       |    10 |   957 |  1045 |   587 ||  2599
Invok: Lesser Servant of |       |       |       |     3 |     2 |     1 |       ||     6
       Major Destruction |       |       |       |     1 |       |     2 |       ||     3
       Greater Servant o |       |       |       |       |       |     5 |     7 ||    12
Evoke: Wand              |       |       |       |     6 |       |       |       ||     6
  Use: Potion            |     1 |       |     1 |     8 |     2 |     5 |     9 ||    26
       Scroll            |       |     3 |     4 |     9 |    10 |    18 |     3 ||    47
 Stab: Distracted        |       |       |       |       |     1 |       |     1 ||     2
       Confused          |       |       |       |       |     1 |       |       ||     1
       Invisible         |       |       |       |       |       |       |     4 ||     4
Armor: Scale mail        |    23 |       |       |       |       |       |       ||    23
       Chain mail        |    53 |       |       |       |       |       |       ||    53
       Plate armour      |    13 |   126 |   231 |   396 |   604 |   662 |   440 ||  2472
Dodge: Dodged            |    44 |   113 |   183 |   251 |   375 |   231 |   162 ||  1359
Block: Buckler           |    34 |    29 |    82 |    49 |       |       |       ||   194
       Kite shield       |       |       |       |   136 |   505 |   540 |       ||  1181
       Tower shield      |       |       |       |       |       |   256 |   605 ||   861

Table legend: (Time is in decaauts)
 A = Elapsed time spent in this place.
 B = Non-inter-level travel time spent in this place.
 C = Inter-level travel time spent in this place.
 D = Time resting spent in this place.
 E = Time spent auto-exploring this place.
 F = Levels seen in this place.
 G = Mean time per level.
                   A        B        C        D        E       F      G
               +--------+--------+--------+--------+--------+-----+--------+
         Total |  36070 |  33058 |   3012 |   6882 |  18217 |  36 | 1001.9 |
       Dungeon |  14180 |  12991 |   1189 |   2645 |   7626 |  14 | 1012.9 |
        Temple |    148 |    122 |     26 |      0 |    110 |   1 |  148.0 |
          Lair |   7191 |   6306 |    885 |   1492 |   3640 |   5 | 1438.2 |
         Swamp |   4395 |   4167 |    228 |   1110 |   1914 |   4 | 1098.8 |
     Snake Pit |   5540 |   5138 |    402 |   1249 |   2556 |   4 | 1385.0 |
  Orcish Mines |   1634 |   1495 |    139 |     65 |    978 |   2 |  817.0 |
        Vaults |   1692 |   1552 |    140 |    226 |    983 |   2 |  846.0 |
         Abyss |    343 |    343 |      0 |     41 |      0 |   2 |  171.5 |
      Ice Cave |    537 |    537 |      0 |      0 |    278 |   1 |  537.0 |
      Gauntlet |    404 |    404 |      0 |     53 |    130 |   1 |  404.0 |
               +--------+--------+--------+--------+--------+-----+--------+

Top non-repeatable levels by time:
  Lair:5: 2101 daAuts
 Snake:4: 1912 daAuts
  Lair:3: 1673 daAuts
 Snake:3: 1607 daAuts
    D:13: 1491 daAuts
 Swamp:4: 1467 daAuts
Vaults:1: 1428 daAuts
    D:11: 1379 daAuts
    D:10: 1283 daAuts
  Lair:2: 1260 daAuts
     D:9: 1259 daAuts
     D:6: 1243 daAuts
  Lair:1: 1204 daAuts
 Swamp:1: 1164 daAuts
   Orc:2: 1152 daAuts
